 Dungeon Crawl Stone Soup version 0.22.0-49-gab54619674 (webtiles) character file.

3649 JedernureinKreuz the Destroyer (level 10, 0/73 HPs)
             Began as a Gnoll Conjurer on Sept 7, 2018.
             Succumbed to a hornet's poison
             ... while paralysed by a hornet
             ... on level 2 of the Lair of Beasts.
             The game lasted 00:47:27 (6148 turns).

JedernureinKreuz the Destroyer (Gnoll Conjurer)     Turns: 6148, Time: 00:47:27

Health: 0/73       AC: 19    Str: 12    XL:     10   Next: 12%
Magic:  0/20       EV:  2    Int: 20    God:
Gold:   270        SH:  0    Dex: 15    Spells: 15/23 levels left

rFire    x . .     SeeInvis .   a - +1 dagger (protect)
rCold    + . .     Gourm    .   (no shield)
rNeg     . . .     Faith    .   w - +3 leather armour
rPois    .         Spirit   +   (no helmet)
rElec    .         Reflect  .   s - +2 cloak {MR+}
rCorr    +         Harm     .   (no gloves)
MR       +....                  q - +1 pair of boots
Stlth    +++.......             m - amulet of guardian spirit
HPRegen  0.22/turn              i - ring of resist corrosion
MPRegen  0.17/turn              C - ring of ice

@: paralysed, lethally poisoned (0 -> -12), protection aura, slowed
A: distributed training, fangs 1, strong nose
a: no special abilities


You were on level 2 of the Lair of Beasts.
You were not hungry.

You visited 3 branches of the dungeon, and saw 9 of its levels.

You collected 270 gold pieces.

Inventory:

Hand Weapons
 a - a +1 dagger of protection (weapon)
 b - a +3 quarterstaff of chaos
 A - a +2 falchion of holy wrath
 E - a +0 hunting sling
 F - a +1 dagger of electrocution
Missiles
 p - 71 arrows
 u - 175 stones (quivered)
Armour
 o - a +0 robe
 q - a +1 pair of boots (worn)
 s - a +2 cloak of magic resistance (worn)
 w - a +3 leather armour (worn)
Magical Staves
 y - an uncursed staff of cold {unknown}
 I - an uncursed staff of death {unknown}
Jewellery
 i - a ring of resist corrosion (left hand)
 m - an amulet of guardian spirit (around neck)
 z - an uncursed ring of flight
 C - a ring of ice (right hand)
 K - an uncursed amulet of regeneration {unknown}
Wands
 t - a wand of digging (15)
 D - a wand of random effects (29)
Scrolls
 d - 2 scrolls of identify
 f - 5 scrolls of blinking {unknown}
 g - 2 scrolls of amnesia {unknown}
 j - 3 scrolls of remove curse {unknown}
 l - 3 scrolls of teleportation {unknown}
 n - a scroll of random uselessness {unknown}
 r - 2 scrolls of immolation {unknown}
 x - a scroll of fog {unknown}
 B - a scroll of enchant armour {unknown}
 G - a scroll of enchant weapon {unknown}
 J - a scroll of holy word {unknown}
Potions
 e - 2 potions of haste
 h - 3 potions of curing
 k - 3 potions of lignification
 v - a potion of heal wounds
Comestibles
 c - 9 rations
 H - 4 chunks of flesh


   Skills:
 + Level 4.9 Fighting
 + Level 4.9 Short Blades
 + Level 4.9 Long Blades
 + Level 4.9 Axes
 + Level 4.9 Maces & Flails
 + Level 4.9 Polearms
 + Level 4.9 Staves
 + Level 4.9 Slings
 + Level 4.9 Bows
 + Level 4.9 Crossbows
 + Level 4.9 Throwing
 + Level 4.9 Armour
 + Level 6.7 Dodging
 + Level 6.5 Stealth
 + Level 4.9 Shields
 + Level 4.9 Unarmed Combat
 + Level 7.1 Spellcasting
 + Level 8.2 Conjurations
 + Level 4.0 Hexes
 + Level 4.0 Charms
 + Level 4.0 Summonings
 + Level 4.0 Necromancy
 + Level 4.0 Translocations
 + Level 4.0 Transmutations
 + Level 4.0 Fire Magic
 + Level 4.0 Ice Magic
 + Level 4.0 Air Magic
 + Level 4.0 Earth Magic
 + Level 4.0 Poison Magic
   Level 5.3 Invocations
 + Level 4.9 Evocations


You had 15 spell levels left.
You knew the following spells:

 Your Spells              Type           Power        Failure   Level  Hunger
a - Magic Dart            Conj           ####         1%          1    None
b - Dazzling Spray        Conj/Hex       ####..       2%          3    #......
c - Iskenderun's Mystic   Conj           #####...     4%          4    ###....

Your spell library contained the following spells:

 Spells                   Type           Power        Failure   Level  Hunger
 Searing Ray              Conj           #####.       1%          2    None
 Force Lance              Conj/Tloc      ####....     10%         4    ###....
 Fulminant Prism          Conj/Hex       ####......   10%         4    ###....


Dungeon Overview and Level Annotations

Branches:
Dungeon (8/15)             Temple (0/1) D:6            Lair (2/6) D:8
 Spider (1/4) Lair:2
  Swamp: Lair:2-4    Shoals: Lair:2-4

Altars:
Elyvilon
Qazlal
Uskayaw
Xom


Innate Abilities, Weirdness & Mutations

Your experience applies equally to all skills.
You have very sharp teeth.
Your uncanny sense of smell can sniff out nearby items.


Message History

You feel sick. The hornet closely misses you.
You hit the hornet but do no damage.
The hornet is lightly wounded.
You feel sick. The hornet closely misses you. The hornet completely misses you.
You hit the hornet.
The hornet is lightly wounded.
You feel sick. The hornet stings you.
You feel as though you will be slow longer.
The hornet stings you!
* * * LOW HITPOINT WARNING * * *
You are lethally poisoned!
You feel as though you will be slow longer.
You hit the hornet.
The hornet is moderately wounded.
* * * LOW HITPOINT WARNING * * *
You feel sick. The hornet stings you!
* * * LOW HITPOINT WARNING * * *
You suddenly lose the ability to move!
The hornet stings you but does no damage.
You die...

#..#..#..#.###....#
..##............#
#.##...^.......#
##...^†......<....#
#.............##..#
###.....##^.........#
#.....^^^##.....##....
##...#y>^.###...# ...
#...#.@^...###..#
#..##.^...## .## #..
#......... ..
..........
............
.............
.#.##.#....... #.##
P.###....


You could see a hornet.

Vanquished Creatures
  2 redbacks (Lair:2)
  2 yaks (Lair:2)
  Grum (D:8)
  Menkaure (D:7)
  4 water moccasins
  A porcupine (Lair:2)
  An ice beast (D:7)
  3 sky beasts
  2 black bears
  2 wolves (D:8)
  3 ogres
  A crocodile (Lair:2)
  4 bullfrogs
  A scorpion (D:7)
  A crimson imp (D:7)
  2 hounds
  A jelly (D:7)
  Crazy Yiuf (D:2)
  A centaur zombie (D:7)
  6 orc priests
  A bullfrog skeleton (D:8)
  7 orc wizards
  2 worker ants (D:6)
  2 iguanas (D:7)
  7 adders
  A shadow imp (D:6)
  An ooze (D:1)
  5 worms
  2 dart slugs
  4 leopard geckos
  23 orcs
  2 ball pythons
  7 giant cockroaches
  4 goblins (D:1)
  5 hobgoblins
  3 jackals (D:2)
  4 quokkas
  15 bats
  5 frilled lizards
  9 kobolds
  3 rats
152 creatures vanquished.

Vanquished Creatures (others)
  A yak (Lair:2)
1 creature vanquished.

Grand Total: 153 creatures vanquished

Notes
Turn   | Place    | Note
-------+----------+-------------------------------------------
     0 | D:1      | JedernureinKreuz the Gnoll Conjurer began the quest for the
                  | Orb.
     0 | D:1      | Reached XP level 1. HP: 13/13 MP: 6/6
    98 | D:1      | Reached XP level 2. HP: 19/19 MP: 1/7
   401 | D:1      | Reached XP level 3. HP: 19/25 MP: 9/9
   501 | D:1      | Reached skill level 5 in Spellcasting
   965 | D:2      | Reached skill level 1 in Invocations
  1194 | D:2      | Reached skill level 1 in Fighting
  1194 | D:2      | Reached skill level 1 in Short Blades
  1194 | D:2      | Reached skill level 1 in Long Blades
  1194 | D:2      | Reached skill level 1 in Axes
  1194 | D:2      | Reached skill level 1 in Maces & Flails
  1194 | D:2      | Reached skill level 1 in Polearms
  1194 | D:2      | Reached skill level 1 in Staves
  1194 | D:2      | Reached skill level 1 in Slings
  1194 | D:2      | Reached skill level 1 in Bows
  1194 | D:2      | Reached skill level 1 in Crossbows
  1194 | D:2      | Reached skill level 1 in Throwing
  1194 | D:2      | Reached skill level 1 in Armour
  1194 | D:2      | Reached skill level 1 in Shields
  1194 | D:2      | Reached skill level 1 in Unarmed Combat
  1194 | D:2      | Reached skill level 1 in Evocations
  1229 | D:2      | Found a hide-covered altar of Uskayaw.
  1256 | D:2      | Reached XP level 4. HP: 32/32 MP: 1/11
  1560 | D:2      | Found a runed door.
  1632 | D:2      | Noticed Crazy Yiuf
  1648 | D:2      | Killed Crazy Yiuf
  1648 | D:2      | Reached skill level 1 in Hexes
  1648 | D:2      | Reached skill level 1 in Charms
  1648 | D:2      | Reached skill level 1 in Summonings
  1648 | D:2      | Reached skill level 1 in Necromancy
  1648 | D:2      | Reached skill level 1 in Translocations
  1648 | D:2      | Reached skill level 1 in Transmutations
  1648 | D:2      | Reached skill level 1 in Fire Magic
  1648 | D:2      | Reached skill level 1 in Ice Magic
  1648 | D:2      | Reached skill level 1 in Air Magic
  1648 | D:2      | Reached skill level 1 in Earth Magic
  1648 | D:2      | Reached skill level 1 in Poison Magic
  1648 | D:2      | Reached XP level 5. HP: 26/37 MP: 0/12
  1793 | D:3      | Found a faded altar of an unknown god.
  2408 | D:3      | Reached XP level 6. HP: 41/44 MP: 1/13
  2800 | D:3      | You fall through a shaft for 3 floors!
  2806 | D:6      | Reached skill level 5 in Dodging
  2990 | D:6      | Noticed a sky beast
  3008 | D:6      | Learned a level 3 spell: Dazzling Spray
  3013 | D:6      | Learned a level 4 spell: Iskenderun's Mystic Blast
  3047 | D:6      | Killed a sky beast
  3047 | D:6      | Reached XP level 7. HP: 50/50 MP: 6/15
  3254 | D:6      | Reached skill level 5 in Stealth
  3312 | D:6      | Found a staircase to the Ecumenical Temple.
  3412 | D:6      | Reached XP level 8. HP: 26/57 MP: 6/16
  3949 | D:7      | Found a stormy altar of Qazlal.
  4024 | D:7      | Found a white marble altar of Elyvilon.
  4082 | D:7      | Became a worshipper of Elyvilon the Healer
  4151 | D:7      | Found a shimmering altar of Xom.
  4220 | D:7      | Was placed under penance by Elyvilon
  4222 | D:7      | Fell from the grace of Elyvilon
  4257 | D:7      | Noticed Menkaure
  4269 | D:7      | Killed Menkaure
  4899 | D:8      | Reached XP level 9. HP: 65/65 MP: 11/18
  5051 | D:8      | Noticed Grum
  5053 | D:8      | Found a staircase to the Lair.
  5081 | D:8      | Killed Grum
  5245 | Lair:1   | Entered Level 1 of the Lair of Beasts
  5253 | Lair:1   | Reached skill level 8 in Conjurations
  5478 | Lair:1   | You fall through a shaft!
  5599 | Lair:2   | Reached skill level 5 in Invocations
  5964 | Lair:2   | Reached XP level 10. HP: 73/73 MP: 14/20
  6105 | Lair:2   | Found a hole to the Spider Nest.
  6118 | Spider:1 | Entered Level 1 of the Spider Nest
  6147 | Lair:2   | HP: 1/73 [hornet (8)]
  6147 | Lair:2   | Paralysed by a hornet for 3 turns
  6148 | Lair:2   | Succumbed to a hornet's poison

Skill      XL: |  1  2  3  4  5  6  7  8  9 10 |
---------------+-------------------------------+-----
Spellcasting   | 5 6 7 |  7.1
Invocations    | 1 2 3 4 5 |  5.3
Fighting       | 1 2 3 4 |  4.9
Short Blades   | 1 2 3 4 |  4.9
Long Blades    | 1 2 3 4 |  4.9
Axes           | 1 2 3 4 |  4.9
Maces & Flails | 1 2 3 4 |  4.9
Polearms       | 1 2 3 4 |  4.9
Staves         | 1 2 3 4 |  4.9
Slings         | 1 2 3 4 |  4.9
Bows           | 1 2 3 4 |  4.9
Crossbows      | 1 2 3 4 |  4.9
Throwing       | 1 2 3 4 |  4.9
Armour         | 1 2 3 4 |  4.9
Shields        | 1 2 3 4 |  4.9
Unarmed Combat | 1 2 3 4 |  4.9
Evocations     | 1 2 3 4 |  4.9
Hexes          | 1 2 3 4 |  4.0
Charms         | 1 2 3 4 |  4.0
Summonings     | 1 2 3 4 |  4.0
Necromancy     | 1 2 3 4 |  4.0
Translocations | 1 2 3 4 |  4.0
Transmutations | 1 2 3 4 |  4.0
Fire Magic     | 1 2 3 4 |  4.0
Ice Magic      | 1 2 3 4 |  4.0
Air Magic      | 1 2 3 4 |  4.0
Earth Magic    | 1 2 3 4 |  4.0
Poison Magic   | 1 2 3 4 |  4.0
Dodging        | 5 6 |  6.7
Stealth        | 5 6 |  6.5
Conjurations   | 8 |  8.2

Action                   |  1- 3 |  4- 6 |  7- 9 | 10-12 || total
-------------------------+-------+-------+-------+-------++-------
Melee: Dagger            |    61 |    31 |    73 |     4 ||   169
       Bite              |     5 |     7 |    27 |       ||    39
       Quarterstaff      |       |    56 |   121 |    15 ||   192
 Cast: Magic Dart        |    47 |   107 |    98 |    20 ||   272
       Iskenderun's Myst |       |       |     7 |     1 ||     8
       Dazzling Spray    |       |       |     3 |     2 ||     5
Invok: Renounce Religion |       |       |     1 |       ||     1
  Use: Scroll            |       |     3 |     4 |       ||     7
       Potion            |       |       |       |     1 ||     1
 Stab: Sleeping          |     4 |     5 |     7 |     1 ||    17
       Petrifying        |       |     1 |     4 |       ||     5
       Petrified         |       |       |     3 |       ||     3
       Invisible         |       |       |     1 |       ||     1
       Paralysed         |       |       |     1 |       ||     1
  Eat: Chunk             |     1 |     2 |     5 |       ||     8
       Ration            |       |     1 |     2 |       ||     3
Armor: Robe              |     8 |     8 |       |       ||    16
       Leather armour    |       |    25 |    72 |     7 ||   104
Dodge: Dodged            |    59 |    71 |   120 |    29 ||   279
